 Dungeon Crawl Stone Soup version 0.25-a0-294-gea9b1ad378 (webtiles) character file.

Game seed: 9499432663275827468, levelgen mode: deterministic

119 Zuzmorgo the Poker (level 5, -2/42 HPs)
             Began as a Merfolk Fighter on Dec 16, 2019.
             Killed from afar by an orc wizard (12 damage)
             ... with a puff of flame
             ... on level 3 of the Dungeon.
             The game lasted 00:05:08 (2333 turns).

Zuzmorgo the Poker (Merfolk Fighter)                Turns: 2333, Time: 00:05:10

Health: -2/42      AC:  6    Str: 23    XL:     5   Next: 3%
Magic:  5/5        EV:  7    Int:  7    God:
Gold:   142        SH:  0    Dex: 13    Spells: 4/4 levels left

rFire    . . .     SeeInvis .   a - +0 trident
rCold    . . .     Gourm    .   c - +0 shield
rNeg     . . .     Faith    .   b - +0 scale mail
rPois    .         Spirit   .   (no helmet)
rElec    .         Reflect  .   (no cloak)
rCorr    .         Harm     .   (no gloves)
MR       .....                  (no boots)
Stlth    ..........             (no amulet)
HPRegen  0.14/turn              (no ring)
MPRegen  0.09/turn              (no ring)

@: confused, mighty
A: change form in water, swift swim, stealthy swim
a: no special abilities


You were on level 3 of the Dungeon.
You were hungry.

You visited 1 branch of the dungeon, and saw 3 of its levels.

You collected 142 gold pieces.

Inventory:

Hand Weapons
 a - a +0 trident (weapon)
Armour
 b - a +0 scale mail (worn)
 c - a +0 shield (worn)
Wands
 m - a wand of polymorph (10)
Scrolls
 e - 2 scrolls of identify {unknown}
 g - a scroll of immolation {unknown}
 h - 2 scrolls of amnesia {unknown}
 i - a scroll of teleportation {unknown}
 j - a scroll of blinking {unknown}
 l - 2 scrolls of enchant weapon {unknown}
Potions
 d - a potion of might
 k - 2 potions of curing {unknown}
 o - a potion of heal wounds {unknown}
Comestibles
 f - 8 rations


   Skills:
 + Level 3.8 Fighting
 * Level 4.8 Polearms
 + Level 2.6 Armour
 * Level 4.0 Shields


You had 4 spell levels left.
You didn't know any spells.
Your spell library was empty.

Dungeon Overview and Level Annotations

Branches:
Dungeon (3/15)

Altars:


Message History

You are too injured to fight recklessly!
You are too injured to fight recklessly!
You are too injured to fight recklessly!
You barely miss something. Something hits you but does no damage.
The orc closely misses you. Something hits you but does no damage.
You puncture something! You block the orc's attack.
You hear some strange, mumbled words.
A magic dart appears from out of thin air!
The magic dart hits you!
* * * LOW HITPOINT WARNING * * *
You hit something. You block the orc's attack.
You hear some strange, mumbled words.
You are confused.
You feel very mighty all of a sudden. The orc hits you but does no damage.
An orc comes into view. It is wielding a +0 short sword.
You hear some strange, mumbled words.
A puff of flame appears from out of thin air!
The puff of flame hits you!
You die...

### ... ####### #
..... #
##############
#..........#.#
#o######..#######...#
#.o{@....## ###.#
########.# #.# #.#
#.. #.# ### #.# #..
###


You could see 2 orcs.

Vanquished Creatures
  Natasha (D:3)
  2 adders
  An ooze (D:2)
  A worm (D:3)
  3 dart slugs
  4 leopard geckos
  4 orcs (D:3)
  3 ball pythons (D:1)
  5 giant cockroaches
  9 goblins
  6 hobgoblins
  2 quokkas (D:2)
  3 bats
  3 frilled lizards
  3 kobolds
  3 rats
53 creatures vanquished.

Notes
Turn   | Place    | Note
-------+----------+-------------------------------------------
     0 | D:1      | Zuzmorgo the Merfolk Fighter began the quest for the Orb.
     0 | D:1      | Reached XP level 1. HP: 18/18 MP: 1/1
    50 | D:1      | Reached XP level 2. HP: 19/24 MP: 2/2
   374 | D:1      | Reached XP level 3. HP: 29/29 MP: 3/3
  1333 | D:2      | Reached XP level 4. HP: 33/37 MP: 4/4
  1703 | D:3      | Noticed Natasha
  1722 | D:3      | Killed Natasha
  2323 | D:3      | Reached XP level 5. HP: 25/42 MP: 5/5
  2333 | D:3      | Killed from afar by an orc wizard

Levels and vault maps discovered:
D:1:      minmay_arrival_radiant_lines, layout_basic
D:2:      layout_rooms
D:3:      layout_loops_ring, serial_co_window_serial, co_window_corner_a,
          co_window_corner_a, co_window_corner_a, co_window_paths_b,
          co_window_cross_1, co_window_paths_a, co_window_corner_a,
          co_window_paths_a, co_window_of_opportunity_a, co_window_paths_c,
          co_window_corner_ca, co_window_unsneaky_path_c,
          co_window_of_opportunity_c, co_window_paths_e, co_window_paths_d,
          glass_columns_a, glass_columns_b, glass_columns_b, glass_columns_b,
          glass_columns_b, uniq_natasha

Skill      XL: |  1  2  3  4 |
---------------+-------------+-----
Polearms       | 4 |  4.8
Shields        | 4 |  4.0
Fighting       | |  3.8
Armour         | |  2.6

Action                   |  1- 3 |  4- 6 || total
-------------------------+-------+-------++-------
Melee: Trident           |   140 |    77 ||   217
  Use: Potion            |       |     1 ||     1
  Eat: Chunk             |     1 |     3 ||     4
Armor: Scale mail        |    53 |    15 ||    68
Dodge: Dodged            |    34 |    15 ||    49
Block: Shield            |    64 |    28 ||    92

Table legend:
 A = Non-vault XP
 B = Vault XP
 C = Vault XP percentage of total XP
 D = Non-vault monster count
 E = Vault monster count
 F = Vault count percentage of total count
                 A         B        C        D         E       F
            +---------+---------+-------+---------+---------+-------
      Total |     135 |      35 |  20.6 |      52 |       1 |   1.9
            +---------+---------+-------+---------+---------+-------
        D:1 |      42 |       0 |   0.0 |      20 |       0 |   0.0
        D:2 |      58 |       0 |   0.0 |      22 |       0 |   0.0
        D:3 |      35 |      35 |  50.0 |      10 |       1 |   9.1
            +---------+---------+-------+---------+---------+-------
